 Dungeon Crawl Stone Soup version 0.20-a0-1126-g0f15420 (webtiles) character file.

305 ChaseSP the Digger (level 6, -4/48 HPs)
             Began as a Gargoyle Earth Elementalist on May 18, 2017.
             Slain by an iguana (8 damage)
             ... on level 4 of the Dungeon.
             The game lasted 00:07:50 (4064 turns).

ChaseSP the Digger (Gargoyle Earth Elementalist)    Turns: 4064, Time: 00:07:50

Health: -4/48      AC: 23    Str: 15    XL:     6   Next: 39%
Magic:  4/9        EV:  2    Int: 17    God:
Gold:   187        SH:  0    Dex: 10    Spells: 1/9 levels left

rFire    x . .     SeeInvis .   m - +2 flail (crush)
rCold    + . .     Gourm    .   (no shield)
rNeg     + + +     Faith    .   (armour currently unavailable)
rPois    ∞         Spirit   .   (helmet currently unavailable)
rElec    .         Reflect  .   (cloak currently unavailable)
rCorr    .         Harm     .   (gloves currently unavailable)
MR       .....     NoTele   +   (boots currently unavailable)
Stlth    ++........             y - amulet of magic regeneration
Regen    0.2/turn               k - +3 ring of strength
MPRegen  0.2/turn               v - ring of ice

@: tree-form
A: negative energy resistance 1, petrification resistance, rot immunity, AC +4
a: no special abilities


You were on level 4 of the Dungeon.
You were hungry.
You were a tree.
You visited 1 branch of the dungeon, and saw 4 of its levels.

You collected 187 gold pieces.

Inventory:

Hand Weapons
 m - a +2 flail of crushing (weapon)
 n - a +0 spear
Missiles
 b - 133 stones (quivered)
Armour
 B - a +0 helmet (melded)
 I - a +0 leather armour
 J - a +0 ring mail (melded)
Jewellery
 k - a +3 ring of strength (left branch)
 v - a ring of ice (right branch)
 y - an amulet of magic regeneration (around neck)
 G - an uncursed amulet of guardian spirit {unknown}
Wands
 r - a wand of paralysis (12/24)
 w - a wand of polymorph (8/24)
Scrolls
 o - a scroll of remove curse
 p - a scroll of teleportation {unknown}
 s - a scroll of blinking {unknown}
 t - a scroll of magic mapping {unknown}
 u - 4 scrolls of noise {unknown}
 z - 2 scrolls of fog {unknown}
 F - a scroll of fear {unknown}
Potions
 f - 2 potions of agility
 i - 2 potions of brilliance
 j - a potion of ambrosia
 l - a potion of berserk rage
 q - a potion of might
 x - a potion of resistance
 A - a potion of invisibility {unknown}
 C - a potion of haste {unknown}
 H - a potion of lignification
Books
 e - a book of Geomancy

   Spells                             Type                      Level
   a - Sandblast                      Earth                        1
   b - Passwall                       Transmutation/Earth          2
   c - Stone Arrow                    Conjuration/Earth            3
   d - Petrify                        Transmutation/Earth          4
   e - Lee's Rapid Deconstruction     Earth                        5
Comestibles
 a - a meat ration
 d - 5 bread rations
 g - 2 fruits
 h - 3 royal jellies
 D - 4 chunks of flesh


   Skills:
 - Level 1.5 Dodging
 - Level 2.1 Stealth
 - Level 2.0 Spellcasting
 * Level 4.2 Conjurations
 - Level 0.7 Transmutations
 + Level 6.7 Earth Magic


You had one spell level left.
You knew the following spells:

 Your Spells              Type           Power        Failure   Level  Hunger
a - Sandblast             Erth           ###...       1%          1    #......
b - Stone Arrow           Conj/Erth      ###...       6%          3    ###....
c - Petrify               Tmut/Erth      ##......     38%         4    #####..


Dungeon Overview and Level Annotations

Branches:
Dungeon (4/15)
 Temple: D:4-7

Altars:
Elyvilon
Vehumet


Innate Abilities, Weirdness & Mutations

You are resistant to torment.
((Your stone body is resilient. (AC +4)))
You are immune to poison.
You resist negative energy. (rN+)
((You are resistant to electric shocks. (rElec)))
((You can survive without breathing.))
You are immune to petrification.
You are immune to rotting.


Message History

You kill the orc!
The orc wizard casts a spell.
The orc wizard blinks!
The iguana bites you!
You barely miss the iguana.
The iguana is lightly wounded.
The iguana bites you.
You closely miss the iguana.
The iguana is lightly wounded.
The iguana bites you.
You hit the iguana but do no damage.
The iguana is lightly wounded.
The iguana bites you but does no damage.
The orc wizard gestures wildly while chanting.
The orc wizard blinks!
The iguana bites you!
* * * LOW HITPOINT WARNING * * *
Unknown command.
It was a potion of lignification.
You turn into a tree.
Your +0 helmet melds into your body.
Your +0 ring mail melds into your body.
Your roots penetrate the ground.
The iguana bites you!
You die...

..####..##..#
#...#..#..#..#..# ..#
#..####.###########..####P.#
####..##
#....................# #.#
##########.#.......## #.
#........## #. ###......# .
# ##........#
#...#######..#......#
$.o..ol♣....##......#
......########.###### .....
##..# .... #..## ... #.## ..
#.# . #.# ##.######
##.........


You could see an iguana, an orc wizard and an orc.

Vanquished Creatures
  A hound (D:4)
  2 orc priests (D:4)
  Terence (D:2)
  An iguana (D:3)
  A hound skeleton (D:4)
  6 adders
  An adder skeleton (D:4)
  A worm (D:2)
  2 dart slugs
  2 leopard geckos
  8 orcs
  5 bats
  3 giant cockroaches
  8 goblins
  9 hobgoblins
  5 jackals (D:4)
  12 kobolds
  5 quokkas
  A ball python (D:4)
  2 frilled lizards
  6 rats
82 creatures vanquished.

Notes
Turn   | Place    | Note
-------+----------+-------------------------------------------
     0 | D:1      | ChaseSP the Gargoyle Earth Elementalist began the quest for the Orb.
     0 | D:1      | Reached XP level 1. HP: 10/10 MP: 3/3
   191 | D:1      | Reached skill level 4 in Earth Magic
   252 | D:1      | Reached XP level 2. HP: 15/15 MP: 5/5
   826 | D:2      | Noticed Terence
   837 | D:2      | Killed Terence
   837 | D:2      | Reached skill level 5 in Earth Magic
   837 | D:2      | Reached XP level 3. HP: 11/19 MP: 0/6
  1103 | D:2      | Learned a level 3 spell: Stone Arrow
  1115 | D:2      | Reached XP level 4. HP: 20/24 MP: 7/7
  1524 | D:2      | Reached skill level 1 in Conjurations
  1536 | D:2      | Found a faded altar of an unknown god.
  1643 | D:2      | Found a radiant altar of Vehumet.
  1664 | D:2      | Found a white marble altar of Elyvilon.
  1897 | D:2      | Reached skill level 6 in Earth Magic
  1897 | D:2      | Reached XP level 5. HP: 21/28 MP: 8/8
  1906 | D:2      | Learned a level 4 spell: Petrify
  3351 | D:4      | Got a transparent robe
  3362 | D:4      | Identified the cursed +0 robe "Kacud" {rElec rN+++ Int-4 Dex+6} (You found it on level 4 of the Dungeon)
  3938 | D:4      | Reached XP level 6. HP: 32/32 MP: 4/9
  4064 | D:4      | Slain by an iguana

Vault maps used:
D:1:      minmay_arrival_arboretum_small
D:2:      vehumet_crystals, lemuel_crystal_altar,
          chequers_ecumenical_altar_simple, uniq_terence
D:4:      corexii_shack_village, minmay_temple_entry_nine_rooms, first_bread

Skill      XL: |  1  2  3  4  5  6 |
---------------+-------------------+-----
Earth Magic    | 4 5 6 |  6.7
Conjurations   | 2 3 4 |  4.2
Dodging        | |  1.5
Stealth        | |  2.1
Spellcasting   | |  2.0
Transmutations | |  0.7

Action                   |  1- 3 |  4- 6 || total
-------------------------+-------+-------++-------
Melee: Whip              |     9 |       ||     9
       Spear             |    45 |       ||    45
       Flail             |    10 |   147 ||   157
 Cast: Sandblast         |     7 |    13 ||    20
       Stone Arrow       |       |     2 ||     2
  Use: Scroll            |       |     8 ||     8
       Potion            |       |     1 ||     1
 Stab: Sleeping          |     3 |     2 ||     5
  Eat: Chunk             |     1 |     9 ||    10
Armor: Robe              |    15 |    33 ||    48
       Ring mail         |       |    58 ||    58
Dodge: Dodged            |    45 |   121 ||   166
